[Event "Team 45 45 League T79"]
[Site "Internet Chess Club"]
[Date "2019.01.13"]
[Round "3"]
[White "Percival"]
[Black "fledermaus"]
[Result "1-0"]
[WhiteElo "1973"]
[BlackElo "1806"]
[Opening "QGD: exchange, positional line"]
[ECO "D35"]
[Time "06:07:07"]
[TimeControl "2700+45"]

1. d4 d5 2. c4 e6 3. Nc3 Nf6 4. cxd5 exd5 5. Bg5 Be7 6. e3 c6 7. Bd3 Nbd7 8. Nf3
O-O 9. O-O Re8 10. Qc2 Nf8 11. Rab1 a5 12. a3 Bd6 13. h3 Ng6 14. Na4 h6 15. Bxf6
Qxf6 16. Qd1 Bf5 17. Bxf5 Qxf5 18. b4 axb4 19. axb4 Nf8 20. b5 Nd7 21. bxc6 bxc6
22. Nb6 Ra6 23. Nxd7 Qxd7 24. Qc2 Re6 25. Rfc1 g5 26. Qf5 Qe7 27. Rc2 Kg7 28.
Rcb2 Ra7 29. Rb6 Bc7 30. R6b2 Bd6 31. h4 Rg6 32. hxg5 hxg5 33. g4 Rc7 34. Rb6
Qd7 35. Qxd7 Rxd7 36. Rc1 c5 37. dxc5 Rc7 38. c6 Kf6 39. Nd4 Ke5 40. Nb5 Rc8 41.
c7 Ba3 42. Rxg6 Bxc1 43. Rc6 {Black resigns} 1-0

[Event "Team 45 45 League T79"]
[Site "Internet Chess Club"]
[Date "2019.01.12"]
[Round "3"]
[White "Manas"]
[Black "Knight77"]
[Result "1-0"]
[WhiteElo "1758"]
[BlackElo "1739"]
[Opening "Queen's pawn: London system"]
[ECO "A45"]
[Time "22:30:49"]
[TimeControl "2700+45"]

1. d4 Nf6 2. Bf4 d6 3. e3 g6 4. Nc3 Bg7 5. e4 Nbd7 6. h4 h5 7. Qd2 O-O 8. Bh6 e5
9. Nf3 exd4 10. Nxd4 Ne5 11. Bxg7 Kxg7 12. O-O-O a6 13. f4 Neg4 14. f5 c5 15.
Nf3 b5 16. e5 Nh7 17. f6+ Kg8 18. Nd5 Be6 19. Ne7+ Kh8 20. Ng5 dxe5 21. Nxe6
Qxd2+ 22. Rxd2 fxe6 23. Nxg6+ Kg8 24. Nxf8 Rxf8 25. a4 Rxf6 26. axb5 axb5 27.
Bxb5 Ne3 28. Re1 Ng4 29. Be2 Rf5 30. Bxg4 hxg4 31. Rde2 {Black resigns} 1-0

[Event "Team 45 45 League T79"]
[Site "Internet Chess Club"]
[Date "2019.01.11"]
[Round "3"]
[White "Covenanteer"]
[Black "bennywins"]
[Result "1-0"]
[WhiteElo "1604"]
[BlackElo "1706"]
[Opening "Giuoco Piano"]
[ECO "C54"]
[Time "15:43:12"]
[TimeControl "2700+45"]

1. e4 e5 2. Nf3 Nc6 3. Bc4 Bc5 4. c3 Nf6 5. d4 exd4 6. cxd4 Bb4+ 7. Nbd2 Nxe4 8.
a3 Bxd2+ 9. Bxd2 Nxd2 10. Qxd2 Qe7+ 11. Be2 O-O 12. O-O d5 13. Rfe1 Qf6 14. b4
Re8 15. b5 Ne7 16. Rac1 Qd6 17. Qa5 c6 18. Ne5 Ng6 19. bxc6 Nxe5 20. dxe5 Rxe5
21. c7 Bd7 22. Kf1 d4 23. Qb4 Qxb4 24. axb4 a6 25. Red1 Rd5 26. Bf3 Rb5 27. Rxd4
{Black resigns} 1-0

[Event "Team 45 45 League T79"]
[Site "Internet Chess Club"]
[Date "2019.01.11"]
[Round "3"]
[White "SuperPuzzler"]
[Black "idjit"]
[Result "1-0"]
[WhiteElo "1754"]
[BlackElo "1587"]
[Opening "French: Tarrasch"]
[ECO "C03"]
[Time "21:04:47"]
[TimeControl "2700+45"]

1. e4 e6 2. d4 d5 3. Nd2 Bb4 4. c3 Be7 5. Ngf3 c5 6. exd5 exd5 7. dxc5 Bxc5 8.
Nb3 Bb6 9. Bg5 Ne7 10. Be2 O-O 11. O-O Nbc6 12. Qc2 Qd6 13. Rad1 Re8 14. c4 Bc7
15. Bh4 Nf5 16. Rxd5 Qe6 17. Re1 Nxh4 18. Nxh4 Qh6 19. g3 Nb4 20. Qc3 Nxd5 21.
cxd5 Be5 22. Bb5 Bd7 23. Rxe5 Bxb5 24. Nf5 Qf6 25. Rxe8+ Rxe8 26. Nbd4 Bd7 27.
Ne3 Bh3 28. f3 Qa6 29. Kf2 Rc8 30. Qb4 Qd3 31. g4 h5 32. Ndf5 Re8 33. d6 g6 34.
Ne7+ {Black forfeits on time} 1-0

[Event "Team 45 45 League T79"]
[Site "Internet Chess Club"]
[Date "2019.01.12"]
[Round "3"]
[White "primerpaso"]
[Black "room-matt"]
[Result "1/2-1/2"]
[WhiteElo "1790"]
[BlackElo "1802"]
[Opening "English opening"]
[ECO "A10"]
[Time "11:10:10"]
[TimeControl "2700+45"]

1. c4 g5 2. d4 Bg7 3. Bxg5 c5 4. Be3 Nc6 5. Nf3 Qb6 6. Qb3 cxd4 7. Qxb6 axb6 8.
Bd2 d6 9. Na3 Bg4 10. O-O-O Nf6 11. Ne1 Ne4 12. Nd3 Nc3 13. bxc3 Rxa3 14. Kb2
Ra4 15. Kb3 Ra7 16. Ra1 O-O 17. e3 dxe3 18. Bxe3 Na5+ 19. Kb4 Rfa8 20. a4 Nc6+
21. Kb3 Ra6 22. Ra3 Bd1+ 23. Kb2 Bxa4 24. Be2 b5 25. cxb5 Bxb5 26. Rxa6 bxa6 27.
Nf4 Bxe2 28. Nxe2 Ne5 29. Ra1 Ng4 30. Bb6 Nxh2 31. f3 Be5 32. Kc2 d5 33. Rh1 Bd6
34. Bg1 Nf1 35. Bf2 Nh2 36. Ng3 Nxf3 37. gxf3 e6 38. Nh5 Rc8 39. Rg1+ Kh8 40. f4
Bc5 41. Bxc5 Rxc5 42. Nf6 Rc8 43. Kb3 h6 44. Ka4 h5 45. Ka5 h4 46. Kxa6 h3 47.
Kb5 h2 48. Rh1 Kg7 49. Ng4 Rxc3 50. Rxh2 Rg3 51. Ne5 f6 52. Nd7 Kg6 53. Kc5 Rc3+
54. Kd6 Re3 55. f5+ exf5 56. Kxd5 f4 57. Kd4 Re1 58. Nc5 Kf5 59. Rf2 Re8 60. Nd3
Rd8+ 61. Kc3 Rc8+ 62. Kd4 {Game drawn by mutual agreement} 1/2-1/2

[Event "Team 45 45 League T79"]
[Site "Internet Chess Club"]
[Date "2019.01.13"]
[Round "3"]
[White "LinceHispano44"]
[Black "Portola"]
[Result "1-0"]
[WhiteElo "1738"]
[BlackElo "1780"]
[Opening "QGD: 4.Nf3"]
[ECO "D37"]
[Time "12:00:25"]
[TimeControl "2700+45"]

1. Nf3 d5 2. d4 Nf6 3. c4 e6 4. Nc3 Be7 5. cxd5 exd5 6. Bg5 Nbd7 7. e3 c6 8. Bd3
O-O 9. Qc2 h6 10. Bh4 b6 11. O-O Bb7 12. Bg3 Rc8 13. Qe2 b5 14. Ne5 g6 15. Qc2
Kg7 16. Bxg6 Nxe5 17. dxe5 fxg6 18. exf6+ Bxf6 19. Ne2 Qd7 20. Nf4 Qf7 21. h4
Rfe8 22. h5 g5 23. Ng6 c5 24. Rae1 c4 25. f4 Qe6 26. Ne5 Bxe5 27. fxe5 Rf8 28.
Qc3 Kg8 29. Rf6 Rxf6 30. exf6 Kf7 31. Be5 Qf5 32. Rf1 Qe4 33. Bd4 a6 34. Qa5 Qe6
35. Qd2 Qe4 36. Rf3 Rc7 37. a4 Bc6 38. Qa5 Rd7 39. Qxa6 Qe6 40. axb5 Bb7 41.
Qxe6+ Kxe6 42. g4 Kf7 43. Kg2 Rd8 44. Kg3 Bc8 45. Rf1 Rd7 46. Ra1 Bb7 47. b6 Ke6
48. Kf2 Kd6 49. Ra4 Ke6 50. e4 dxe4 51. Rxc4 Kd6 52. Ke3 Bd5 53. Rc8 Ke6 54. Rh8
Rf7 55. Rxh6 Kd6 56. Rg6 Be6 57. Rxg5 Kc6 58. Rc5+ Kb7 59. g5 {Black resigns}
1-0

[Event "Team 45 45 League T79"]
[Site "Internet Chess Club"]
[Date "2019.01.13"]
[Round "3"]
[White "QuieroAprender"]
[Black "zap2"]
[Result "0-1"]
[WhiteElo "1669"]
[BlackElo "1599"]
[Opening "Nimzovich-Larsen attack"]
[ECO "A01"]
[Time "15:05:21"]
[TimeControl "2700+45"]

1. b3 d6 2. Bb2 Nf6 3. Nc3 e5 4. e4 Nbd7 5. Nf3 g6 6. d3 Bg7 7. Be2 O-O 8. O-O
c6 9. h3 Qc7 10. g4 Nc5 11. a4 Ne6 12. Bc1 Nd7 {White resigns} 0-1

[Event "Team 45 45 League T79"]
[Site "Internet Chess Club"]
[Date "2019.01.12"]
[Round "3"]
[White "Percival"]
[Black "janh"]
[Result "1-0"]
[WhiteElo "1963"]
[BlackElo "1871"]
[Opening "Nimzo-Indian: Kmoch variation"]
[ECO "E20"]
[Time "20:05:26"]
[TimeControl "2700+45"]

1. d4 Nf6 2. c4 e6 3. Nc3 Bb4 4. f3 c5 5. d5 d6 6. e4 b5 7. Bf4 Nh5 8. Be3 O-O
9. Bd3 exd5 10. cxd5 a6 11. Ne2 Nd7 12. O-O Qe7 13. a4 c4 14. Bc2 Rb8 15. axb5
axb5 16. Nd4 Bxc3 17. Nc6 Qf6 18. bxc3 Rb7 19. f4 g6 20. Bd4 Qh4 21. Qe1 Qxe1
22. Ne7# {Black checkmated} 1-0

[Event "Team 45 45 League T79"]
[Site "Internet Chess Club"]
[Date "2019.01.13"]
[Round "3"]
[White "primerpaso"]
[Black "Merciful"]
[Result "1-0"]
[WhiteElo "1815"]
[BlackElo "1971"]
[Opening "English: Bremen, Smyslov system"]
[ECO "A22"]
[Time "08:10:40"]
[TimeControl "2700+45"]

1. c4 e5 2. Nc3 Nf6 3. g3 Bb4 4. Bg2 O-O 5. e4 Bxc3 6. bxc3 d6 7. Ne2 Be6 8. d3
Nc6 9. O-O Qd7 10. Rb1 b6 11. f4 Bh3 12. f5 Bxg2 13. Kxg2 Ne7 14. h3 c6 15. g4
d5 16. cxd5 cxd5 17. Ng3 dxe4 18. g5 Ne8 19. Nxe4 Nxf5 20. Qg4 Qxd3 21. Qxf5 Qa6
22. Rf2 b5 23. Qxe5 Qe6 {Black resigns} 1-0

[Event "Team 45 45 League T79"]
[Site "Internet Chess Club"]
[Date "2019.01.11"]
[Round "3"]
[White "gnat"]
[Black "Portola"]
[Result "1/2-1/2"]
[WhiteElo "1992"]
[BlackElo "1800"]
[Opening "French: Rubinstein variation"]
[ECO "C10"]
[Time "09:00:15"]
[TimeControl "2700+45"]

1. d4 d5 2. Nc3 e6 3. e4 dxe4 4. Nxe4 Be7 5. Nf3 Nd7 6. Bd3 Ngf6 7. Qe2 b6 8.
Nxf6+ Nxf6 9. Bg5 Bb7 10. Bxf6 Bxf6 11. Bb5+ c6 12. Bc4 O-O 13. c3 Qc7 14. Ba6
Bxa6 15. Qxa6 c5 16. Qc4 Rac8 17. dxc5 bxc5 18. O-O Rfd8 19. Rfd1 Qb6 20. Qb3
Qc7 21. Qc4 Qb6 22. Qb3 Qc7 23. Rxd8+ Rxd8 24. Rd1 g6 25. Rxd8+ Qxd8 26. Qc2 Qd5
27. a3 Qd6 28. Qd2 Qb6 29. g3 Qb7 30. Ne1 Qc6 31. Nd3 Qd5 32. Qe3 Be7 33. h4 a5
34. Kh2 Qf5 35. f3 Qd5 36. Qe4 Qd6 37. Kg2 Qd8 38. Kf2 Qc7 39. Qa8+ Kg7 40. Qe4
Bd6 41. f4 c4 42. Ne1 Qb6+ 43. Qd4+ Qxd4+ 44. cxd4 c3 45. bxc3 Bxa3 46. Ke2 Bd6
47. c4 Kf6 48. c5 Bc7 49. Nc2 Kf5 50. Kf3 h5 51. Ne3+ Kf6 52. d5 exd5 53. Nxd5+
Ke6 54. Nxc7+ Kd7 55. Nd5 Kc6 56. Ke4 Kxc5 57. Nc3 Kc4 58. Nd5 Kc5 59. Ne3 a4
60. Kd3 a3 61. Kc3 a2 62. Nc2 Kd5 63. Kd3 Ke6 64. Kc3 Kf5 65. Kb2 Kg4 66. f5
Kxg3 67. fxg6 fxg6 68. Kxa2 Kxh4 69. Kb3 Kg3 70. Kc3 h4 71. Kd3 Kf2 72. Ke4 Kg3
73. Ne3 h3 74. Nf1+ Kf2 75. Nh2 Kg2 76. Ng4 Kg3 77. Ne3 g5 78. Kf5 Kf3 79. Ng4
Kg3 80. Kxg5 h2 81. Nxh2 {Game drawn because neither player has mating material}
1/2-1/2

[Event "Team 45 45 League T79"]
[Site "Internet Chess Club"]
[Date "2019.01.13"]
[Round "3"]
[White "andrew37"]
[Black "jjimalo"]
[Result "0-1"]
[WhiteElo "1649"]
[BlackElo "1770"]
[Opening "English opening"]
[ECO "A16"]
[Time "14:31:33"]
[TimeControl "2700+45"]

1. c4 Nf6 2. Nc3 g6 3. g3 Bg7 4. Bg2 d6 5. d3 O-O 6. Nf3 e5 7. O-O Nc6 8. Rb1 a5
9. a3 Ne8 10. b4 axb4 11. axb4 f5 12. Bg5 Nf6 13. b5 Ne7 14. d4 e4 15. Ne1 h6
16. Bd2 d5 17. c5 Be6 18. Ra1 Qd7 19. Nc2 g5 20. f3 Ng6 21. e3 h5 22. fxe4 fxe4
23. Nb4 h4 24. Rxa8 Rxa8 25. c6 bxc6 26. Nxc6 hxg3 27. hxg3 Qd6 28. Ne2 Bg4 29.
Be1 Ra2 30. Rf2 Rb2 31. Ne5 Bxe2 32. Rxe2 Rxe2 33. Qxe2 Nxe5 34. dxe5 Qxe5 35.
Kh2 Bf8 36. Bh3 Bd6 37. Qf1 g4 38. Bg2 Nh5 39. Qe2 Qg5 40. Qd1 Kh7 41. Qd4 Be5
42. Qc5 Nxg3 43. Bxg3 Qh4+ 44. Kg1 Qxg3 45. Qe7+ Bg7 46. Qg5 Be5 47. Qf5+ Kg7
48. Qd7+ Kf6 49. Qd8+ Ke6 50. Qe8+ Kd6 51. Qf8+ Kd7 52. Qf5+ Ke7 53. Qg5+ Kd6
54. Qg6+ Kc5 55. Qc6+ Kb4 56. Qxd5 Qe1+ 57. Bf1 Qxe3+ 58. Kh1 Qh6+ {White
resigns} 0-1

[Event "Team 45 45 League T79"]
[Site "Internet Chess Club"]
[Date "2019.01.12"]
[Round "3"]
[White "Sadhana"]
[Black "santiagoelawad"]
[Result "1-0"]
[WhiteElo "1918"]
[BlackElo "1933"]
[Opening "QGD Slav: 3.Nf3"]
[ECO "D11"]
[Time "09:05:52"]
[TimeControl "2700+45"]

1. d4 d5 2. c4 c6 3. Nf3 Nf6 4. g3 a6 5. a4 Bf5 6. Nc3 e6 7. Bg2 h6 8. O-O a5 9.
cxd5 exd5 10. Re1 Bb4 11. Bd2 O-O 12. Na2 Bd6 13. Nh4 Bh7 14. Qb3 Ra7 15. Nc3
Re8 16. Bh3 Na6 17. Rac1 Nb4 18. Nf5 Bf8 19. f3 Ra6 20. Nd1 Qb6 21. e3 g6 22.
Nh4 g5 23. Nf5 h5 24. Nf2 Qd8 25. e4 g4 26. fxg4 hxg4 27. Nxg4 Nxg4 28. Bxg4
dxe4 29. Rf1 Qd5 30. Qe3 Nd3 31. Rb1 c5 32. Qg5+ Kh8 33. Bc3 c4 34. Nh6 Qxg5 35.
Nxf7+ Kg8 36. Nxg5 Bg6 37. d5 Bc5+ 38. Kg2 e3 39. Be6+ Raxe6 40. dxe6 e2 41. Rf6
Nf4+ 42. Rxf4 Bxb1 43. Rxc4 b6 44. Rg4 Bf5 45. Rh4 Kf8 46. Rf4 {Black resigns}
1-0

[Event "Team 45 45 League T79"]
[Site "Internet Chess Club"]
[Date "2019.01.12"]
[Round "3"]
[White "Ajolote"]
[Black "laurenpar"]
[Result "1-0"]
[WhiteElo "1902"]
[BlackElo "1856"]
[Opening "French: Chigorin variation"]
[ECO "C00"]
[Time "21:02:21"]
[TimeControl "2700+45"]

1. e4 e6 2. Qe2 Be7 3. Nf3 d5 4. d3 Nf6 5. g3 b5 6. Bg2 dxe4 7. dxe4 b4 8. Nbd2
Ba6 9. Nc4 Nc6 10. b3 Na5 11. Nfe5 O-O 12. Bb2 Bd6 13. O-O-O Qe7 14. Ng4 e5 15.
Nge3 Bc5 16. Nd5 Nxd5 17. Rxd5 Bxc4 18. bxc4 f6 19. Rhd1 Rfd8 20. Bh3 Rd6 21. f4
Rad8 22. fxe5 fxe5 23. Bxe5 Qxe5 24. Rxe5 Rxd1+ 25. Qxd1 Be3+ 26. Kb2 Nxc4+ 27.
Kb3 Rxd1 28. Kxc4 Rd4+ 29. Kb5 c6+ 30. Kxc6 Rc4+ 31. Kd7 Rxc2 32. Be6+ Kf8 33.
Rf5# {Black checkmated} 1-0

[Event "Team 45 45 League T79"]
[Site "Internet Chess Club"]
[Date "2019.01.13"]
[Round "3"]
[White "LookImYourVader"]
[Black "nathanpillay"]
[Result "1-0"]
[WhiteElo "1854"]
[BlackElo "1707"]
[Opening "Nimzovich-Larsen attack: Dutch variation"]
[ECO "A01"]
[Time "15:30:50"]
[TimeControl "2700+45"]

1. b3 f5 2. Bb2 e6 3. e3 Nf6 4. Nf3 d5 5. Be2 Bd6 6. d3 O-O 7. O-O Nbd7 8. Nbd2
b6 9. c4 Bb7 10. Qc2 e5 11. cxd5 Bxd5 12. e4 fxe4 13. Nxe4 Qe7 14. Rac1 c5 15.
Nfd2 Bb7 16. Bf3 Rab8 17. Rfe1 Kh8 18. Nxd6 Qxd6 19. Nc4 Qc7 20. Bxb7 Qxb7 21.
Nxe5 Nxe5 22. Bxe5 Rbd8 23. Qc4 h6 24. d4 Ng4 25. dxc5 Nxf2 26. Bd6 Rf6 27. c6
Qf7 28. Qxf7 Rxf7 29. c7 Rc8 30. Re7 Rxe7 31. Bxe7 Ne4 32. Re1 Nc3 33. Bb4 Rxc7
34. a4 Nd5 35. Bd6 Rb7 36. Re5 Nf6 37. Re7 Rxe7 38. Bxe7 Kg8 39. Bxf6 gxf6 40.
Kf2 Kf7 41. Ke3 Ke6 42. Kf4 f5 43. g4 fxg4 44. Kxg4 Kf6 45. Kh5 Kg7 46. b4 a5
47. b5 Kh7 48. Kg4 Kg6 49. Kf4 Kf6 50. Ke4 Ke6 51. h3 h5 52. Kf4 Kf6 53. h4 Kg6
54. Ke5 Kf7 55. Kd6 Kf6 56. Kc6 {Black resigns} 1-0

[Event "Team 45 45 League T79"]
[Site "Internet Chess Club"]
[Date "2019.01.14"]
[Round "3"]
[White "calsal"]
[Black "Portola"]
[Result "1/2-1/2"]
[WhiteElo "1836"]
[BlackElo "1783"]
[Opening "French: Réti (Spielmann) variation"]
[ECO "C00"]
[Time "19:05:13"]
[TimeControl "2700+45"]

1. e4 e6 2. b3 d5 3. Bb2 dxe4 4. Nc3 Nf6 5. g4 Nd5 6. Nxe4 Bd7 7. g5 Nc6 8. c4
Nde7 9. h4 e5 10. Nf3 Bg4 11. Bh3 Qc8 12. Bxg4 Qxg4 13. Ng3 Qe6 14. Qe2 Ng6 15.
O-O-O Nf4 16. Qe4 Bd6 17. Ne2 Nxe2+ 18. Qxe2 O-O-O 19. Rhe1 Rhe8 20. d4 exd4 21.
Qxe6+ fxe6 22. Nxd4 e5 23. Nxc6 bxc6 24. Re4 Bc5 25. Rxe5 Bxf2 26. Rxd8+ Rxd8
27. Re4 g6 28. Bf6 Rd7 29. Kc2 Kb7 30. Kc3 Kb6 31. Bd4+ Bxd4+ 32. Rxd4 Re7 33.
Kd2 a6 34. Rf4 Kb7 35. b4 Kb6 36. a4 Kb7 37. a5 Ka7 38. Kc3 Re3+ 39. Kd4 Re7 40.
Kc5 Kb7 41. Kd4 Ka7 42. Re4 Rf7 43. Ke5 Kb7 44. Rf4 Re7+ 45. Kd4 Rd7+ 46. Kc5
Re7 47. Kd4 Rd7+ 48. Ke5 Re7+ 49. Kf6 Rd7 50. Ke6 Rd6+ 51. Ke7 Rd3 52. Kf6 Rd7
53. Ke6 Rd3 54. Ke7 Rd2 55. Kf6 {Game drawn by mutual agreement} 1/2-1/2

[Event "Team 45 45 League T79"]
[Site "Internet Chess Club"]
[Date "2019.01.12"]
[Round "3"]
[White "JWB"]
[Black "julesraider"]
[Result "0-1"]
[WhiteElo "1582"]
[BlackElo "1594"]
[Opening "Caro-Kann: classical, Maróczy attack"]
[ECO "B18"]
[Time "15:01:00"]
[TimeControl "2700+45"]

1. e4 c6 2. d4 d5 3. Nc3 dxe4 4. Nxe4 Bf5 5. Ng3 Bg6 6. f4 h6 7. Nf3 Nd7 8. Bc4
e6 9. O-O Ngf6 10. Qe2 Be7 11. Ne5 Nxe5 12. dxe5 Bc5+ 13. Kh1 Nd5 14. c3 b5 15.
Bb3 O-O 16. f5 exf5 17. Nxf5 Re8 18. Bc2 Bxf5 19. Bxf5 Qe7 20. Bxh6 Qxe5 21.
Qxe5 Rxe5 22. Bg5 g6 23. Bd7 Rxg5 24. Bxc6 Rb8 25. Rad1 Ne3 {White resigns} 0-1

[Event "Team 45 45 League T79"]
[Site "Internet Chess Club"]
[Date "2019.01.13"]
[Round "3"]
[White "az2112"]
[Black "rubo"]
[Result "1/2-1/2"]
[WhiteElo "1424"]
[BlackElo "1555"]
[Opening "Queen's pawn"]
[ECO "A40"]
[Time "21:00:44"]
[TimeControl "2700+45"]

1. d4 c6 2. Nf3 d5 3. Bf4 Bf5 4. e3 Nf6 5. Bd3 Bxd3 6. Qxd3 Nbd7 7. Nbd2 e6 8.
O-O Be7 9. c4 O-O 10. Rac1 h6 11. h3 Bb4 12. b3 Re8 13. e4 Bxd2 14. Nxd2 Nxe4
15. Nxe4 dxe4 16. Qxe4 Nf6 17. Qe3 Nh7 18. Rfe1 g5 19. Bh2 Qf6 20. Qe5 Qxe5 21.
Bxe5 Nf8 22. f4 Nd7 23. fxg5 hxg5 24. Bg3 Rac8 25. Rcd1 f6 26. Kf2 Kf7 27. Kf3
Nf8 28. h4 gxh4 29. Bxh4 Ng6 30. Bg3 f5 31. Rh1 Rh8 32. Rxh8 Rxh8 33. d5 cxd5
34. cxd5 e5 35. Bf2 a6 36. Bb6 e4+ 37. Ke3 Re8 38. g3 Ne5 39. d6 Nd7 40. Bc7 Ke6
41. Rd4 b5 42. a4 Rg8 43. Kf2 Ke5 44. Rb4 bxa4 45. Rxa4 Rc8 46. Ra5+ Ke6 47.
Rxa6 Nc5 48. Rb6 Kd7 49. Rb5 Nd3+ 50. Ke3 Ke6 {Game drawn by mutual agreement}
1/2-1/2

[Event "Team 45 45 League T79"]
[Site "Internet Chess Club"]
[Date "2019.01.13"]
[Round "3"]
[White "nosir"]
[Black "chuckh2"]
[Result "1-0"]
[WhiteElo "1449"]
[BlackElo "1343"]
[Opening "Queen's pawn: London system"]
[ECO "A45"]
[Time "11:00:24"]
[TimeControl "2700+45"]

1. d4 Nf6 2. Bf4 g6 3. e3 Bg7 4. Nc3 d5 5. Bd3 O-O 6. Nf3 Nbd7 7. Nb5 Ne8 8. g4
c6 9. Nc3 Ndf6 10. Ne5 Nd6 11. h4 h5 12. gxh5 Nxh5 13. Qe2 Bf5 14. O-O-O Ne4 15.
Bxe4 Bxe4 16. Nxe4 dxe4 17. Rdg1 Nxf4 18. exf4 Bxe5 19. dxe5 Qd5 20. h5 Qxa2 21.
Qxe4 Rfd8 22. c3 Qa1+ 23. Kc2 Qa6 24. hxg6 f6 25. Rh8+ Kg7 26. exf6+ exf6 27.
Qe7+ Kxh8 28. Qh7# {Black checkmated} 1-0

[Event "Team 45 45 League T79"]
[Site "Internet Chess Club"]
[Date "2019.01.11"]
[Round "3"]
[White "kidcobra"]
[Black "Packerfan"]
[Result "1-0"]
[WhiteElo "1806"]
[BlackElo "1670"]
[Opening "Two knights defense"]
[ECO "C56"]
[Time "10:13:59"]
[TimeControl "2700+45"]

1. e4 e5 2. Nf3 Nc6 3. d4 exd4 4. Bc4 Nf6 5. O-O Nxe4 6. Re1 d5 7. Bxd5 Qxd5 8.
Nc3 Qa5 9. Nxe4 Be6 10. Neg5 O-O-O 11. Nxe6 fxe6 12. Rxe6 Bd6 13. Qe2 Kb8 14.
Bg5 Rdf8 15. Re1 a6 16. a3 Rxf3 17. Qxf3 Qxg5 18. Re8+ Rxe8 19. Rxe8+ Ka7 20.
Re1 Qg6 21. Qe4 Qxe4 22. Rxe4 Be5 23. f4 Bf6 24. g4 h6 25. Kg2 Kb6 26. Kg3 Kc5
27. h4 d3 28. b4+ Kd5 29. cxd3 Bb2 30. g5 hxg5 31. fxg5 Bxa3 32. h5 Bxb4 33. h6
gxh6 34. Rxb4 hxg5 35. Rxb7 a5 36. Rxc7 a4 37. Rc8 Kc5 38. Ra8 Kb4 39. Rc8 Ne5
40. d4 Nc4 41. Rb8+ Kc3 42. d5 Ne3 43. Rb5 a3 44. d6 a2 45. Ra5 Nf5+ 46. Kg4
Nxd6 47. Rxa2 Ne4 48. Ra8 Kd3 49. Rd8+ Ke3 50. Re8 Kd3 51. Re7 Nf2+ 52. Kxg5
Ne4+ 53. Kf4 Nc3 54. Rd7+ Kc4 55. Ke5 Nb5 56. Rd5 Na7 57. Rd4+ Kc5 58. Rd1 Nc6+
59. Ke4 Nb4 60. Rc1+ Kb5 61. Kd4 Nc6+ 62. Kd5 Nb4+ 63. Kd6 Nd3 64. Rc8 Kb4 65.
Kd5 Kb3 66. Kd4 Nb2 67. Rc7 Ka2 68. Kc3 Nd1+ 69. Kd2 Nb2 70. Rb7 Nc4+ 71. Kc3
Nd6 72. Ra7+ Kb1 73. Ra5 Ne4+ 74. Kd3 Nf2+ 75. Kc4 Kb2 76. Re5 Ng4 77. Re4 Nf6
78. Rf4 Nd7 79. Rf2+ Ka3 80. Rd2 Ne5+ 81. Kd5 Nd7 82. Kc6 Ne5+ 83. Kc5 Kb3 84.
Rd5 Ng4 85. Kd4 Nf6 86. Rf5 Nd7 87. Rd5 Nf6 88. Rd6 Ng4 89. Rg6 Nf2 90. Rg3+ Kb4
91. Rg2 Nd1 92. Rd2 Nc3 93. Rb2+ {Black resigns} 1-0

[Event "Team 45 45 League T79"]
[Site "Internet Chess Club"]
[Date "2019.01.13"]
[Round "3"]
[White "Gojira"]
[Black "evan7284"]
[Result "1-0"]
[WhiteElo "1666"]
[BlackElo "1547"]
[Opening "Queen's pawn, Mason variation"]
[ECO "D00"]
[Time "07:01:01"]
[TimeControl "2700+45"]

1. d4 d5 2. Bf4 e6 3. e3 Bd6 4. Bxd6 Qxd6 5. Qg4 Qb4+ 6. Nd2 g6 7. Rb1 Nf6 8.
Qf4 Ne4 9. Nf3 Nxd2 10. Nxd2 Qa5 11. h4 Nc6 12. h5 Nb4 13. c3 Nc6 14. Bd3 Bd7
15. hxg6 {Black resigns} 1-0

[Event "Team 45 45 League T79"]
[Site "Internet Chess Club"]
[Date "2019.01.13"]
[Round "3"]
[White "idjit"]
[Black "Bizzy-Ketty"]
[Result "1-0"]
[WhiteElo "1589"]
[BlackElo "1566"]
[Opening "Sicilian: Grand Prix attack"]
[ECO "B23"]
[Time "14:00:45"]
[TimeControl "2700+45"]

1. e4 c5 2. Nc3 Nc6 3. f4 g6 4. Nf3 Bg7 5. Bb5 Nd4 6. O-O Nxb5 7. Nxb5 d6 8. d3
Nf6 9. Qe1 O-O 10. Qh4 a6 11. Nc3 b5 12. f5 b4 13. Ne2 a5 14. Ng3 Ba6 15. Ng5 h6
16. Nxf7 g5 17. Nxh6+ Bxh6 18. Qxh6 Rf7 19. Nh5 Nxh5 20. Qxh5 c4 21. Bxg5 cxd3
22. Bh6 Rh7 23. Rf4 Qb6+ 24. Kh1 Qd4 25. f6 dxc2 26. f7+ Rxf7 27. Rxf7 Qxe4 28.
Rg7+ Kh8 29. Rg4 Qh7 30. Bg7+ {Black resigns} 1-0

[Event "Team 45 45 League T79"]
[Site "Internet Chess Club"]
[Date "2019.01.09"]
[Round "3"]
[White "tryanything"]
[Black "bennywins"]
[Result "0-1"]
[WhiteElo "1490"]
[BlackElo "1722"]
[Opening "Bishop's opening: Classical variation"]
[ECO "C23"]
[Time "18:02:34"]
[TimeControl "2700+45"]

1. e4 e5 2. Bc4 Bc5 3. Nf3 d6 4. d4 exd4 5. Nxd4 Qh4 6. O-O Nf6 7. Nf3 Qg4 8.
Nc3 O-O 9. Bd3 Nc6 10. Bg5 Nd7 11. Nd5 Bb6 12. Nxb6 Nxb6 13. Qd2 Ne5 14. Nxe5
dxe5 15. Be3 Rd8 16. Qc3 c6 17. Qxe5 Be6 18. f3 Qg6 19. b3 h6 20. f4 Bh3 21. Rf2
Re8 22. Qc3 f5 23. Bxb6 axb6 24. exf5 Bxf5 25. Bxf5 Qxf5 26. a4 Re4 27. Raf1
Rae8 28. Qd3 Qc5 29. g3 Rd4 30. Qf3 Rd2 31. Kg2 Rxc2 32. Rxc2 Qxc2+ 33. Rf2 Qc5
34. Rd2 Re3 35. Qd1 b5 36. Rd8+ Kf7 37. axb5 Qxb5 38. Qd7+ Re7 39. Qd3 Re2+ 40.
Kh3 Qh5# {White checkmated} 0-1

[Event "Team 45 45 League T79"]
[Site "Internet Chess Club"]
[Date "2019.01.12"]
[Round "3"]
[White "warsaviensis"]
[Black "justice02"]
[Result "1-0"]
[WhiteElo "1729"]
[BlackElo "1636"]
[Opening "Queen's pawn game"]
[ECO "D02"]
[Time "09:00:13"]
[TimeControl "2700+45"]

1. d4 d5 2. Nf3 c6 3. e3 a6 4. c4 Nf6 5. Nc3 g6 6. cxd5 cxd5 7. Bd3 Bg7 8. O-O
O-O 9. Qb3 Nc6 10. a3 Re8 11. h3 e6 12. Bd2 Bf8 13. Qc2 Bd6 14. e4 dxe4 15. Nxe4
Nxe4 16. Bxe4 Qb6 17. Be3 Qb5 18. Rfd1 Rd8 19. Rac1 Be7 20. Qc3 Bf6 21. Ne5 Nxe5
22. dxe5 Rxd1+ 23. Rxd1 Be7 24. Qc7 Qe8 25. Bc5 Bd7 26. Bxe7 Qxe7 27. Rxd7 Qh4
28. Rxf7 {Black resigns} 1-0

[Event "Team 45 45 League T79"]
[Site "Internet Chess Club"]
[Date "2019.01.13"]
[Round "3"]
[White "zepled37"]
[Black "BrianWood"]
[Result "1/2-1/2"]
[WhiteElo "1698"]
[BlackElo "1553"]
[Opening "Ruy Lopez: closed, Flohr-Zaitsev system (Lenzerheide variation)"]
[ECO "C92"]
[Time "17:06:59"]
[TimeControl "2700+45"]

1. e4 e5 2. Nf3 Nc6 3. Bb5 a6 4. Ba4 Nf6 5. O-O Be7 6. Re1 b5 7. Bb3 d6 8. c3
O-O 9. h3 Bb7 10. d4 Re8 11. Nbd2 Bf8 12. a4 exd4 13. cxd4 h6 14. Bc2 Nb4 15.
Bb1 c5 16. d5 Nd7 17. Nf1 f5 18. Ng3 fxe4 19. Nxe4 Nxd5 20. Nc3 Nxc3 21. bxc3
Rxe1+ 22. Nxe1 Qf6 {Game drawn by mutual agreement} 1/2-1/2

[Event "Team 45 45 League T79"]
[Site "Internet Chess Club"]
[Date "2019.01.13"]
[Round "3"]
[White "pokerram"]
[Black "Grenadier"]
[Result "0-1"]
[WhiteElo "1552"]
[BlackElo "1585"]
[Opening "Caro-Kann: advance variation"]
[ECO "B12"]
[Time "20:00:45"]
[TimeControl "2700+45"]

1. e4 c6 2. d4 d5 3. e5 Bf5 4. h4 h5 5. Bd3 Bxd3 6. Qxd3 e6 7. Bg5 Be7 8. Nf3
Qb6 9. Nc3 Nd7 10. Be3 Nh6 11. Bxh6 Rxh6 12. O-O O-O-O 13. a3 Rg8 14. b4 Qd8 15.
b5 c5 16. dxc5 Nxc5 17. Qe3 b6 18. Nd4 Qc7 19. g3 g5 20. hxg5 Bxg5 21. f4 Be7
22. f5 Bg5 23. Qe1 Be7 24. Nc6 h4 25. Nxe7+ Qxe7 26. f6 Qc7 27. Rf3 Rhg6 28. Rd1
Nd7 29. Na4 Qxe5 30. Qxe5 Nxe5 31. Rc3+ Nc4 32. Rdd3 Rxg3+ 33. Rxg3 Rxg3+ 34.
Rxg3 hxg3 35. Kg2 Kd7 36. Kxg3 d4 37. Kf4 Kd6 38. Ke4 e5 39. c3 Nxa3 40. cxd4
exd4 41. Kxd4 Nxb5+ 42. Ke4 Ke6 43. Nb2 a5 44. Na4 Nd6+ 45. Kf4 b5 46. Nc5+ Kxf6
47. Nd7+ Ke6 48. Nc5+ Kd5 49. Nd3 a4 {White resigns} 0-1